 Dungeon Crawl Stone Soup version 0.23-b1 (webtiles) character file.

Game seed: 12687906224653408502

226 Kohma the Shield-Bearer (level 5, 0/67 HPs)
             Began as a Minotaur Fighter on Jan 31, 2019.
             Was a Follower of Trog.
             Slain by Edmund
             ... wielding a +0 dire flail of draining
              (8 damage)
             ... on level 3 of the Dungeon.
             The game lasted 00:08:08 (2921 turns).

Kohma the Shield-Bearer (Minotaur Fighter)          Turns: 2921, Time: 00:08:08

Health: 0/67       AC: 11    Str: 25    XL:     5   Next: 69%
Magic:  4/4        EV:  5    Int:  5    God:    Trog [*.....]
Gold:   156        SH: 11    Dex: 11    Spells: 4/4 levels left

rFire    . . .     SeeInvis .   a - +1 long sword
rCold    . . .     Gourm    .   c - +1 shield
rNeg     . . .     Faith    .   e - +0 chain mail
rPois    .         Spirit   .   (helmet restricted)
rElec    .         Reflect  .   x - +2 cloak {MR+}
rCorr    .         Harm     .   (no gloves)
MR       +....                  (no boots)
Stlth    ..........             (no amulet)
HPRegen  0.21/turn              (no ring)
MPRegen  0.09/turn              (no ring)

@: mighty, berserking, heavily drained, very quick
A: retaliatory headbutt, horns 2
a: Berserk, Renounce Religion


You were on level 3 of the Dungeon.
You worshipped Trog.
Trog was aware of your devotion.
You were not hungry.

You visited 1 branch of the dungeon, and saw 4 of its levels.

You collected 156 gold pieces.

Inventory:

Hand Weapons
 a - a +1 long sword (weapon)
 p - a +0 hunting sling
Missiles
 b - 129 stones (quivered)
 o - 39 sling bullets
Armour
 c - a +1 shield (worn)
 e - a +0 chain mail (worn)
 x - a +2 cloak of magic resistance (worn)
Jewellery
 v - a +4 ring of protection
Scrolls
 g - 2 scrolls of remove curse
 h - 2 scrolls of fog
 i - 2 scrolls of teleportation
 j - 3 scrolls of fear
 l - a scroll of identify
 s - a scroll of enchant weapon
Potions
 k - a potion of agility
 n - a potion of degeneration
 r - a potion of haste
 u - a potion of mutation
 w - a potion of curing {unknown}
Comestibles
 f - 10 rations


   Skills:
 - Level 3.6(1.6) Fighting
 * Level 5.4(3.2) Long Blades
 - Level 3.6(1.6) Armour
 * Level 6.0(3.9) Shields


You had 4 spell levels left.
You didn't know any spells.
Your spell library was empty.

Dungeon Overview and Level Annotations

Branches:
Dungeon (4/15)
 Temple: D:4-7

Altars:
Elyvilon
Fedhas
Gozag
Ru
Trog
Xom

Annotations:
D:3 exclusion: oklob plant, Edmund


Innate Abilities, Weirdness & Mutations

You reflexively headbutt those who attack you in melee.
You have a pair of horns on your head.


Message History

The orc wizard is heavily wounded.
You block the orc wizard's attack.
The orc wizard points at you and mumbles some strange words.
The magic dart hits you!
Edmund hits you with a +0 dire flail of draining.
* * * LOW HITPOINT WARNING * * *
You feel drained.
* * * LOW HITPOINT WARNING * * *
You feel very mighty all of a sudden. You block the orc wizard's attack.
Edmund hits you with a +0 dire flail of draining.
* * * LOW HITPOINT WARNING * * *
You feel drained.
* * * LOW HITPOINT WARNING * * *
The orc wizard hits you but does no damage.
A red film seems to cover your vision as you go berserk!
You feel yourself moving faster!
You feel mighty!
You feel a lot more hungry. You block the orc wizard's attack.
Edmund hits you with a +0 dire flail of draining!
You die...

#........##...#......##)#
#P♣
#........##...#######...#
#P. #.........#...#
##.#.# #♣.
######....#####
###..#.######♣P #+..+#
###...##.##...#P♣ ♣....♣
#...####..#...#PP ♣...♣♣
###.### ##.#...#PP ♣♣.♣♣
#..@# #.....#PP ♣.♣♣
#o@## ###...#PP ♣♣.♣ ####
#...#PP ♣.♣♣ #...#PP ♣♣.♣
#...### #)# #...... #...#
####### #...# #..)# #####


You could see Edmund and an orc wizard.

Vanquished Creatures
  A scorpion (D:4)
  Crazy Yiuf (D:3)
  6 adders
  An ooze (D:3)
  6 worms
  2 dart slugs
  3 orcs
  8 bats
  3 giant cockroaches
  4 goblins
  12 hobgoblins
  3 jackals
  5 kobolds
  2 quokkas (D:2)
  4 frilled lizards
  7 rats
68 creatures vanquished.

Notes
Turn   | Place    | Note
-------+----------+-------------------------------------------
     0 | D:1      | Kohma the Minotaur Fighter began the quest for the Orb.
     0 | D:1      | Reached XP level 1. HP: 19/19 MP: 0/0
   317 | D:1      | Reached skill level 4 in Shields
   317 | D:1      | Reached XP level 2. HP: 25/26 MP: 1/1
   940 | D:2      | Found an opulent altar of Gozag.
   964 | D:1      | Reached XP level 3. HP: 18/31 MP: 2/2
  1212 | D:2      | Found a sacrificial altar of Ru.
  1226 | D:2      | Found a bloodstained altar of Trog.
  1227 | D:2      | Found a white marble altar of Elyvilon.
  1265 | D:2      | Became a worshipper of Trog the Wrathful
  1285 | D:2      | Found a faded altar of an unknown god.
  1464 | D:2      | Reached skill level 5 in Shields
  1464 | D:2      | Reached XP level 4. HP: 39/39 MP: 3/3
  1885 | D:3      | Reached * piety under Trog
  2012 | D:3      | Found a runed translucent door.
  2013 | D:3      | Noticed Crazy Yiuf
  2121 | D:3      | Reached XP level 5. HP: 45/45 MP: 4/4
  2151 | D:3      | Found a shattered altar of Ashenzari.
  2153 | D:3      | Found a hazy altar of Hepliaklqana.
  2153 | D:3      | Found a shimmering altar of Xom.
  2158 | D:3      | Found a hazy altar of Hepliaklqana.
  2158 | D:3      | Found a deep blue altar of Sif Muna.
  2158 | D:3      | Found a basalt altar of Yredelemnul.
  2265 | D:3      | Found a blossoming altar of Fedhas.
  2294 | D:3      | Noticed an oklob plant
  2588 | D:3      | Killed Crazy Yiuf
  2588 | D:3      | Reached skill level 5 in Long Blades
  2709 | D:4      | Reached skill level 6 in Shields
  2889 | D:4      | Noticed Edmund
  2921 | D:3      | Slain by Edmund

Skill      XL: |  1  2  3  4  5 |
---------------+----------------+-----
Shields        | 4 5 6 |  6.0
Long Blades    | 3 4 5 |  5.4
Fighting       | |  3.6
Armour         | |  3.6

Action                   |  1- 3 |  4- 6 || total
-------------------------+-------+-------++-------
Melee: Long sword        |    93 |    96 ||   189
       Headbutt          |    15 |    17 ||    32
Invok: Berserk           |       |     1 ||     1
  Use: Scroll            |       |    11 ||    11
       Potion            |       |     1 ||     1
  Eat: Chunk             |     2 |     3 ||     5
       Ration            |       |     1 ||     1
Armor: Chain mail        |    52 |    52 ||   104
Dodge: Dodged            |    22 |    16 ||    38
Block: Shield            |    52 |    55 ||   107
       Rpst.: Long sword |     5 |     5 ||    10
